 Dungeon Crawl Stone Soup version 0.23.1 (webtiles) character file.

Game seed: 0

22423 elfaar the Severer (level 12, -4/111 HPs)
             Began as a Minotaur Berserker on Mar 2, 2019.
             Was a High Priest of Trog.
             Killed from afar by an oklob plant (15 damage)
             ... with a splash of acid
             ... on level 2 of the Lair of Beasts on Mar 5, 2019.
             The game lasted 01:41:02 (12677 turns).

elfaar the Severer (Minotaur Berserker)            Turns: 12677, Time: 01:41:03

Health: -4/111     AC: 14    Str: 25    XL:     12   Next: 62%
Magic:  11/11      EV: 11    Int:  4    God:    Trog [*****.]
Gold:   722        SH:  0    Dex: 20    Spells: 11/11 levels left

rFire    + . .     SeeInvis .   a - +3 executioner's axe (freeze)
rCold    . . .     Gourm    .   (shield currently unavailable)
rNeg     . . .     Faith    .   u - +5 chain mail {rC+}
rPois    +         Spirit   .   (helmet restricted)
rElec    .         Reflect  .   D - +0 cloak
rCorr    .         Harm     +   v - +0 pair of gloves
MR       .....                  t - +2 pair of boots
Stlth    ..........             B - amulet of harm
HPRegen  0.28/turn              N - ring of Curiosity {Fire *Slow +Fly Dex+8}
MPRegen  0.12/turn              V - ring of poison resistance

@: corroded, studying Unarmed Combat, heavily drained
A: retaliatory headbutt, horns 2
a: Berserk, Trog's Hand, Brothers in Arms, Renounce Religion, Evoke Flight


You were on level 2 of the Lair of Beasts.
You worshipped Trog.
Trog was extremely pleased with you.
You were not hungry.

You visited 3 branches of the dungeon, and saw 14 of its levels.
You also visited: Ossuary.

You collected 862 gold pieces.
You spent 140 gold pieces at shops.

Inventory:

Hand Weapons
 a - a +3 executioner's axe of freezing (weapon)
 f - a +0 battleaxe
 m - a +2 flail of protection
 o - a +1 war axe
 p - a +0 whip of flaming
 q - a +0 battleaxe of chopping
 s - a +2 antimagic war axe
 S - a +1 spear of piercing
Missiles
 g - 280 stones
 x - 4 throwing nets
 M - 3 javelins of penetration (quivered)
Armour
 t - a +2 pair of boots (worn)
 u - a +5 chain mail of cold resistance (worn)
 v - a +0 pair of gloves (worn)
 D - a +0 cloak (worn)
 T - a +0 plate armour
Jewellery
 n - an uncursed ring of ice
 B - an amulet of harm (around neck)
 I - an uncursed ring of positive energy
 N - the ring of Curiosity (left hand) {Fire *Slow +Fly Dex+8}
   (You found it on level 1 of the Lair of Beasts)

   [ring of fire]

   It enhances your fire magic.
   It affects your dexterity (+8).
   It protects you from fire.
   It makes you vulnerable to cold.
   It lets you fly.
   It may slow you when you take damage.
 V - a ring of poison resistance (right hand)
Wands
 b - a wand of disintegration (12)
 d - a wand of random effects (25)
 k - a wand of acid (13)
 y - a wand of digging (9)
 C - a wand of paralysis (19)
 O - a wand of flame (7)
 P - a wand of scattershot (6)
Scrolls
 j - 2 scrolls of fog
 E - a scroll of acquirement
 F - 2 scrolls of fear
 K - 4 scrolls of remove curse
 R - a scroll of teleportation
 U - 3 scrolls of identify
 W - a scroll of magic mapping {unknown}
Potions
 e - 2 potions of magic
 h - a potion of berserk rage
 i - 2 potions of resistance
 l - a potion of might
 r - 4 potions of heal wounds
 w - 2 potions of curing
 z - 3 potions of haste
 A - 3 potions of cancellation
 G - a potion of lignification
 J - 2 potions of mutation
 L - 2 potions of agility
Books
 Q - a manual of Unarmed Combat
Comestibles
 c - 33 rations
 H - 5 chunks of flesh


   Skills:
 + Level 11.7(9.9) Fighting
 + Level 17.2(15.2) Axes
 + Level 0.2(9.8) Maces & Flails
 + Level 2.9(1.5) Throwing
 + Level 11.2(9.4) Armour
 + Level 5.8(4.2) Dodging
 + Level 2.8(1.4) Stealth
 - Level 1.0(0.0) Evocations


You had 11 spell levels left.
You didn't know any spells.
Your spell library was empty.

Dungeon Overview and Level Annotations

Branches:
Dungeon (11/15)            Temple (1/1) D:7            Lair (2/6) D:10
  Swamp: Lair:2-4    Shoals: Lair:2-4     Snake: Lair:2-4    Spider: Lair:2-4
    Orc: D:9-12

Altars:
Ashenzari
Cheibriados
Dithmenos
Elyvilon
Fedhas
Gozag
Hepliaklqana
Kikubaaqudgha
Makhleb
Nemelex Xobeh
Okawaru
Qazlal
Ru
Sif Muna
Trog
Uskayaw
Vehumet
Wu Jian
Xom
Yredelemnul
Zin
The Shining One

Shops:
D:8 [   D:10 %   D:11 *

Annotations:
D:5 3 runed translucent doors, EtherCrawl's ghost, novice MiCK
Lair:2 exclusion: 2 oklob plants


Innate Abilities, Weirdness & Mutations

You reflexively headbutt those who attack you in melee.
You have a pair of horns on your head.


Message History

You hit the plant. You freeze the plant. You slash the plant!
You freeze the plant.
You destroy the plant!
You slash the oklob plant! You freeze the oklob plant!
You hit the oklob plant but do no damage.
You headbutt the oklob plant, but do no damage.
The oklob plant is moderately damaged.
You hit the oklob plant. You freeze the oklob plant. You slice the plant!!
You freeze the plant. The oklob plant spits acid at you.
The splash of acid hits you! The acid corrodes you!
You are splashed with acid!
* * * LOW HITPOINT WARNING * * *
The oklob plant spits acid at you. The splash of acid hits you.
* * * LOW HITPOINT WARNING * * *
You are splashed with acid!
* * * LOW HITPOINT WARNING * * *
The oklob plant spits acid at you. The splash of acid hits you!
You die...

##.#.## #....# #..#.# #
##..### ###
#####.+P#####..
#####..........[..P
#####...............#.P
#.$$P..P............'..
#)(P..@.............###
#..P.................#
#####..#.######....#.##
###### #########


You could see 2 oklob plants.

Vanquished Creatures
  A hydra (Lair:2)
  Erica (D:8)
  A two-headed ogre (D:11)
  The ghost of Frank the Carver, a journeyman OpFi of Makhleb (Lair:1)
  The ghost of bmj180 the Basher, a novice MiFi of Nemelex Xobeh (D:10)
  A tengu warrior (D:10)
  2 unseen horrors (D:10)
  Pikel (D:4)
  Maurice (D:9)
  A black mamba (Lair:1)
  6 spiny frogs
  Psyche (D:11)
  3 rime drakes
  A komodo dragon (Lair:1)
  5 blink frogs (Lair:1)
  5 hippogriffs
  Prince Ribbit (D:8)
  A wraith (D:11)
  6 yaks
  A basilisk (Lair:1)
  A wyvern (Lair:2)
  Grum (D:11)
  3 hogs (D:7)
  A human (D:7)
  A hungry ghost (D:10)
  2 vampire mosquitoes (D:10)
  5 water moccasins
  9 porcupines
  A sky beast (D:8)
  7 orc warriors
  4 black bears (D:10)
  4 phantoms
  2 ice beasts (D:11)
  An eye of draining (D:9)
  2 ogres
  7 centaurs
  6 wolves
  7 crocodiles
  11 bullfrogs
  A scorpion (D:6)
  4 killer bees (D:7)
  3 howler monkeys
  2 electric eels (Lair:2)
  A rime drake simulacrum (Lair:1)
  3 crimson imps
  A centaur zombie (D:9)
  2 jellies (D:10)
  A quasit (D:7)
  Crazy Yiuf (D:7)
  2 bullfrog skeletons
  11 orc priests
  A water moccasin simulacrum (Lair:1)
  3 hounds
  3 centaur skeletons
  6 orc wizards
  Jessica (D:3)
  An iguana (D:7)
  9 worker ants
  A yak simulacrum (Lair:1)
  A bullfrog simulacrum (Lair:1)
  2 hound zombies
  2 porcupine simulacra (Lair:1)
  8 mummies (Ossuary)
  2 worker ant zombies
  2 hound skeletons (D:9)
  A howler monkey skeleton (D:7)
  8 adders
  2 crocodile simulacra (Lair:1)
  2 shadow imps
  An ooze (D:6)
  4 adder skeletons
  3 worms
  A dart slug (D:3)
  A leopard gecko (D:1)
  42 orcs
  A ball python (D:3)
  3 giant cockroaches (D:1)
  3 goblins
  A hobgoblin (D:1)
  9 jackals
  4 quokkas
  6 bats
  3 frilled lizards
  2 gnoll zombies (Ossuary)
  A jackal zombie (D:7)
  7 kobolds
  3 kobold zombies (Ossuary)
  A leopard gecko skeleton (D:5)
  3 orc zombies (Ossuary)
  A quokka skeleton (D:6)
  9 rats
  A fungus (Lair:2)
  4 plants
317 creatures vanquished.

Vanquished Creatures (collateral kills)
  Harold (D:7)
  A hydra (D:10)
2 creatures vanquished.

Vanquished Creatures (others)
  A rime drake (Lair:1)
  3 fungi
  2 plants
  4 toadstools (D:1)
10 creatures vanquished.

Grand Total: 329 creatures vanquished

Notes
Turn   | Place    | Note
-------+----------+-------------------------------------------
     0 | D:1      | elfaar the Minotaur Berserker began the quest for the Orb.
     0 | D:1      | Reached XP level 1. HP: 19/19 MP: 0/0
   326 | D:1      | Reached XP level 2. HP: 17/27 MP: 1/1
   758 | D:2      | Reached skill level 4 in Axes
  1047 | D:2      | Found a radiant altar of Vehumet.
  1260 | D:2      | Reached XP level 3. HP: 33/34 MP: 2/2
  1287 | D:2      | Found a faded altar of an unknown god.
  1685 | D:3      | Noticed Jessica
  1688 | D:3      | Killed Jessica
  1721 | D:3      | Noticed a centaur
  1728 | D:3      | Reached XP level 4. HP: 41/41 MP: 3/3
  1733 | D:3      | Reached ** piety under Trog
  1740 | D:3      | Killed a centaur
  1740 | D:3      | Reached skill level 5 in Fighting
  1740 | D:3      | Reached skill level 5 in Axes
  1740 | D:3      | Reached skill level 1 in Stealth
  1740 | D:3      | Reached XP level 5. HP: 37/48 MP: 4/4
  2358 | D:4      | Reached skill level 1 in Throwing
  2358 | D:4      | Reached XP level 6. HP: 55/56 MP: 5/5
  2484 | D:4      | Reached skill level 6 in Axes
  2534 | D:4      | Noticed a slave
  2562 | D:4      | Noticed a slave
  2562 | D:4      | Noticed a slave
  2562 | D:4      | Noticed Pikel
  2564 | D:4      | Noticed a slave
  2569 | D:4      | Killed Pikel
  2569 | D:4      | Reached skill level 8 in Axes
  2569 | D:4      | Reached XP level 7. HP: 53/62 MP: 6/6
  2827 | D:4      | Found a stormy altar of Qazlal.
  3100 | D:5      | Entered Level 5 of the Dungeon
  3104 | D:5      | Found a sacrificial altar of Ru.
  3181 | D:5      | Found a sand-covered staircase.
  3194 | D:5      | Reached *** piety under Trog
  3255 | Ossuary  | Entered an ossuary
  3324 | Ossuary  | Reached XP level 8. HP: 48/70 MP: 7/7
  3372 | Ossuary  | Identified a scroll of acquirement
  3464 | D:5      | Found an opulent altar of Gozag.
  3683 | D:5      | Found a runed translucent gate.
  3683 | D:5      | Found a runed translucent gate.
  3683 | D:5      | Found a runed translucent gate.
  3684 | D:5      | Noticed EtherCrawl's ghost (novice MiCK)
  3785 | D:5      | Reached skill level 9 in Axes
  3851 | D:5      | Found a shimmering altar of Xom.
  4357 | D:6      | Reached **** piety under Trog
  4522 | D:6      | Reached skill level 10 in Axes
  5043 | D:7      | Found an ancient bone altar of Kikubaaqudgha.
  5050 | D:7      | Reached skill level 5 in Armour
  5082 | D:7      | Reached XP level 9. HP: 61/79 MP: 8/8
  5105 | D:7      | Reached skill level 11 in Axes
  5174 | D:7      | Noticed Harold
  5178 | D:7      | Killed Harold
  5473 | D:7      | Reached skill level 12 in Axes
  5619 | D:7      | Found a shattered altar of Ashenzari.
  5751 | D:7      | Found a staircase to the Ecumenical Temple.
  5762 | Temple   | Entered the Ecumenical Temple
  6059 | D:7      | Found a runed translucent door.
  6060 | D:7      | Noticed Crazy Yiuf
  6069 | D:7      | Killed Crazy Yiuf
  6385 | D:8      | Found a blossoming altar of Fedhas.
  6474 | D:8      | Reached XP level 10. HP: 90/90 MP: 9/9
  6511 | D:8      | Found a hide-covered altar of Uskayaw.
  6584 | D:8      | Noticed Prince Ribbit
  6588 | D:8      | Killed Prince Ribbit
  6667 | D:8      | Noticed Erica
  6672 | D:8      | Killed Erica
  6672 | D:8      | Reached skill level 13 in Axes
  6743 | D:8      | Found Ifuvea's Antique Armour Emporium.
  6912 | D:8      | Found an iron altar of Okawaru.
  7281 | D:9      | Reached ***** piety under Trog
  7281 | D:9      | Reached skill level 5 in Dodging
  7323 | D:9      | Noticed Maurice
  7329 | D:9      | Received a gift from Trog
  7405 | D:9      | Killed Maurice
  7855 | D:10     | Entered Level 10 of the Dungeon
  7926 | D:10     | Reached skill level 14 in Axes
  7993 | D:10     | Found a staircase to the Lair.
  8249 | Lair:1   | Entered Level 1 of the Lair of Beasts
  8254 | Lair:1   | Reached XP level 11. HP: 99/99 MP: 10/10
  8264 | Lair:1   | Found a runed translucent gate.
  8264 | Lair:1   | Found a runed translucent gate.
  8264 | Lair:1   | Found a runed translucent gate.
  8309 | Lair:1   | Noticed Frank's ghost (journeyman OpFi)
  8314 | Lair:1   | Reached skill level 10 in Fighting
  8325 | Lair:1   | Killed Frank's ghost
  8325 | Lair:1   | Reached skill level 15 in Axes
  8358 | Lair:1   | Got the ring of Curiosity {Fire}
  8401 | Lair:1   | Noticed an eight-headed hydra
  9325 | Lair:1   | Identified the ring of Curiosity {Fire *Slow +Fly Dex+8}
                  | (You found it on level 1 of the Lair of Beasts)
  9447 | D:10     | Killed an unseen horror
  9479 | D:10     | Killed an unseen horror
  9809 | D:10     | Found Ifaihy's Food Emporium.
  9980 | D:10     | Noticed a tengu warrior
  9981 | D:10     | Received a gift from Trog
  9993 | D:10     | Killed a tengu warrior
  9993 | D:10     | Reached skill level 16 in Axes
  9993 | D:10     | Reached skill level 10 in Armour
 10059 | D:10     | Reached XP level 12. HP: 91/110 MP: 11/11
 10082 | D:10     | Found a runed translucent door.
 10083 | D:10     | Noticed bmj180's ghost (novice MiFi)
 10098 | D:10     | Killed bmj180's ghost
 10714 | D:11     | Found Itofefom's Assorted Antiques.
 10726 | D:11     | Bought a scroll of fog for 70 gold pieces
 10726 | D:11     | Bought a scroll of fog for 70 gold pieces
 10732 | D:11     | Noticed Grum
 10745 | D:11     | Killed Grum
 10794 | D:11     | Noticed a two-headed ogre
 10802 | D:11     | Killed a two-headed ogre
 10994 | D:11     | Found a sacrificial altar of Ru.
 11259 | D:11     | Noticed Psyche
 11263 | D:11     | Killed Psyche
 11654 | D:10     | Killed a nine-headed hydra
 11848 | Lair:2   | Reached skill level 1 in Evocations
 11851 | Lair:2   | Reached skill level 17 in Axes
 12402 | Lair:2   | Noticed a seven-headed hydra
 12410 | Lair:2   | Killed a seven-headed hydra
 12677 | Lair:2   | Killed from afar by an oklob plant

Skill      XL: |  1  2  3  4  5  6  7  8  9 10 11 12 |
---------------+-------------------------------------+-----
Fighting       | 4 5 6 7 8 9 11 | 11.7
Axes           | 4 5 8 10 12 14 16 17 | 17.2
Dodging        | 3 4 5 |  5.8
Stealth        | 1 2 |  2.8
Armour         | 3 5 6 7 10 11 | 11.2
Throwing       | 1 2 |  2.9
Evocations     | 1 |  1.0
Maces & Flails | |  0.2

Action                   |  1- 3 |  4- 6 |  7- 9 | 10-12 || total
-------------------------+-------+-------+-------+-------++-------
Melee: Hand axe          |    65 |    63 |       |       ||   128
       Headbutt          |     7 |    13 |    39 |    64 ||   123
       War axe           |       |    15 |    42 |       ||    57
       Executioner's axe |       |       |   157 |   324 ||   481
       Flail             |       |       |       |     2 ||     2
Throw: Stone             |    10 |     5 |     5 |     8 ||    28
       Throwing net      |       |       |     2 |     1 ||     3
       Javelin           |       |       |       |    11 ||    11
Invok: Berserk           |     1 |     1 |     4 |     5 ||    11
       Brothers in Arms  |       |       |     1 |     1 ||     2
 Abil: Evoke Flight      |       |       |       |     5 ||     5
       Stop Flying       |       |       |       |     3 ||     3
Evoke: Wand              |       |       |     1 |     2 ||     3
  Use: Scroll            |       |     2 |    12 |    14 ||    28
       Potion            |       |       |       |     3 ||     3
 Stab: Sleeping          |     1 |     1 |       |       ||     2
       Held in net/web   |       |       |       |     1 ||     1
  Eat: Chunk             |     2 |     5 |    17 |    21 ||    45
       Ration            |       |       |       |     2 ||     2
Armor: Animal skin       |    22 |     3 |       |       ||    25
       Leather armour    |       |     8 |       |       ||     8
       Chain mail        |       |    11 |   121 |   309 ||   441
       Plate armour      |       |       |    13 |       ||    13
Dodge: Dodged            |    57 |    42 |   129 |   207 ||   435
